AoeStats
← Coalpool6926

Fortress

508936474Analyzed
4v4 RM · 8d ago on Sep 24, 2026· 57m 50s· 8 players
Game mode
Random Map
Map size
Huge
Population
200
Speed
Normal
Resources
Standard
Victory
Conquest
Starting age
Dark Age
Ending age
Imperial Age
RankedLock teamsTeams togetherTeam positionsShared explorationLock speedFull tech treeHidden civsTurbo modeCheats
Victory
Defeat
🇫🇷 Khmer · France
1131
+16
🇬🇧 Lithuanians · United Kingdom
1044
+19
🇮🇳 Goths · India
1013
+21
🇿🇦 Mongols · South Africa
1007
+21
🇹🇷 Danes · Türkiye
1166
-22
🇺🇸 Vietnamese · United States
1148
-20
🇨🇴 Franks · Colombia
1086
-18
🇹🇷 Saxons · Türkiye
1070
-17
Kryptonknight
7:35 Feudal Age
11:24 Castle Age
9:25 Double-Bit Axe
9:25 Horse Collar
12:22 Bow Saw
12:15 Heavy Plow
17:12 Gold Mining
18:09 Fletching
19:09 Wheelbarrow
20:26 Hand Cart
20:12 Bodkin Arrow
20:54 Town Watch
20:54 Loom
21:33 Padded Archer Armor
22:10 Ballistics
22:05 Thumb Ring
22:31 Town Patrol
22:42 Elite Skirmisher
24:16 Husbandry
24:28 Bloodlines
27:22 Imperial Age
26:11 Scale Barding Armor
26:16 Forging
28:18 Iron Casting
28:04 Chain Barding Armor
28:11 Bracer
29:14 Chemistry
28:52 Paper Money
28:56 Elite Rattan Archer
30:48 Two-Man Saw
32:00 Crop Rotation
31:38 Chatras
31:56 Arrowslits
32:13 Murder Holes
32:25 Siege Engineers
32:37 Leather Archer Armor
33:00 Elite Battle Elephant
36:07 Masonry
50:56 Caravan
50:30 Imperial Skirmisher
54:27 Ring Archer Armor
THE_LORD
7:22 Feudal Age
13:49 Castle Age
12:58 Double-Bit Axe
14:44 Bow Saw
16:06 Husbandry
18:38 Gold Mining
21:01 Gold Shaft Mining
22:09 Wheelbarrow
21:21 Loom
23:33 Scale Barding Armor
24:06 Stone Mining
25:56 Chain Barding Armor
27:06 Hand Cart
30:20 Imperial Age
27:41 Town Watch
30:26 Cavalier
31:22 Chivalry
31:43 Conscription
33:20 Plate Barding Armor
32:10 Paladin
33:23 Murder Holes
33:49 Ballistics
35:51 Caravan
40:21 Chemistry
39:13 Guard Tower
39:34 Fortified Wall
39:35 Masonry
39:31 Siege Engineers
39:12 Arrowslits
40:21 Hoardings
40:17 Herbal Medicine
48:32 Ordonnance Companies
52:37 Fletching
52:48 Padded Archer Armor
54:12 Elite Throwing Axeman
Kori
8:13 Feudal Age
12:25 Castle Age
11:21 Double-Bit Axe
11:16 Horse Collar
18:32 Bow Saw
18:27 Heavy Plow
20:58 Loom
25:32 Fortified Wall
25:04 Treadmill Crane
27:31 Wheelbarrow
28:40 Hand Cart
29:27 Caravan
32:51 Imperial Age
30:56 Scale Mail Armor
31:07 Forging
31:04 Gold Mining
31:05 Stone Mining
32:21 Gold Shaft Mining
32:34 Chain Mail Armor
32:49 Town Watch
33:42 Iron Casting
34:37 Two-Man Saw
34:01 Conscription
33:04 Shield Wall
34:37 Plate Mail Armor
34:31 Elite Hearth Troop
39:42 Elite Varangian Guard
40:24 Squires
40:10 Gambesons
40:11 Arson
47:57 Coinage
48:20 Guilds
48:02 Pikeman
49:30 Banking
49:01 Halberdier
caltan
7:25 Feudal Age
8:11 Horse Collar
8:18 Double-Bit Axe
13:31 Castle Age
16:17 Heavy Plow
16:52 Bow Saw
16:37 Gold Mining
16:44 Stone Mining
17:40 Wheelbarrow
16:52 Loom
19:57 Hand Cart
26:24 Imperial Age
25:16 Gambesons
25:44 Pikeman
26:25 Squires
27:13 Capped Ram
27:16 Halberdier
27:44 Arson
28:23 Conscription
27:31 Hamask
28:53 Siege Ram
29:33 Elite Varangian Guard
29:33 Man-at-Arms
30:13 Elite Jomsviking
30:52 Long Swordsman
31:48 Scale Mail Armor
31:58 Forging
31:39 Fletching
31:49 Padded Archer Armor
31:55 Scale Barding Armor
31:53 Caravan
31:30 Two-Handed Swordsman
32:36 Northmen's Fury
32:49 Champion
39:16 Chain Mail Armor
39:36 Iron Casting
39:17 Leather Archer Armor
38:58 Bodkin Arrow
42:49 Plate Mail Armor
43:20 Blast Furnace
42:50 Ring Archer Armor
44:12 Thumb Ring
45:27 Elite Skirmisher
48:34 Imperial Skirmisher
56:08 Bracer
56:28 Chain Barding Armor
Coalpool6926
7:25 Feudal Age
11:03 Castle Age
9:22 Double-Bit Axe
9:29 Horse Collar
12:19 Bow Saw
20:37 Loom
22:28 Wheelbarrow
24:18 Heavy Plow
27:31 Imperial Age
25:00 Town Watch
26:03 Hand Cart
25:32 Treadmill Crane
26:04 Fortified Wall
26:07 Masonry
26:25 Scale Barding Armor
26:44 Forging
28:08 Chain Barding Armor
28:59 Conscription
29:27 Iron Casting
30:46 Gold Mining
31:08 Town Patrol
30:51 Elite Leitis
33:00 Hoardings
34:42 Architecture
34:34 Ballistics
34:10 Murder Holes
36:22 Plate Barding Armor
47:24 Two-Man Saw
47:16 Caravan
48:31 Fletching
49:22 Coinage
50:10 Bodkin Arrow
57:24 Banking
KshaktiS
7:41 Feudal Age
9:21 Double-Bit Axe
12:01 Castle Age
10:13 Horse Collar
14:22 Wheelbarrow
16:49 Bow Saw
18:48 Hand Cart
20:04 Heavy Plow
20:13 Gold Mining
25:22 Imperial Age
24:52 Anarchy
25:39 Stone Mining
26:28 Squires
26:41 Forging
26:32 Scale Mail Armor
27:41 Pikeman
28:13 Halberdier
29:31 Iron Casting
29:12 Chain Mail Armor
30:06 Crop Rotation
30:03 Conscription
29:46 Perfusion
33:43 Blast Furnace
32:16 Elite Huskarl
41:10 Two-Man Saw
51:29 Loom
55:36 Man-at-Arms
Petersplaff
8:38 Feudal Age
11:19 Castle Age
9:10 Double-Bit Axe
11:09 Horse Collar
12:35 Bow Saw
14:51 Heavy Plow
15:57 Wheelbarrow
16:53 Stone Mining
18:22 Stone Shaft Mining
19:01 Loom
23:00 Hand Cart
22:44 Fletching
27:57 Imperial Age
25:47 Husbandry
25:57 Bloodlines
26:22 Bodkin Arrow
27:56 Pikeman
29:09 Halberdier
30:18 Forging
30:08 Scale Mail Armor
30:08 Cavalier
31:59 Chain Mail Armor
32:19 Iron Casting
32:38 Elite Skirmisher
35:18 Bracer
35:19 Padded Archer Armor
39:11 Chemistry
38:32 Ballistics
38:08 Murder Holes
38:37 Conscription
38:53 Hoardings
37:50 Elite Ballista Elephant
39:26 Leather Archer Armor
40:12 Blast Furnace
GreenBeret
8:30 Feudal Age
9:37 Double-Bit Axe
9:34 Horse Collar
12:04 Castle Age
11:09 Forging
12:13 Scale Barding Armor
12:34 Light Cavalry
19:26 Bow Saw
19:18 Heavy Plow
20:47 Loom
22:14 Wheelbarrow
21:26 Town Watch
22:58 Fletching
23:26 Bloodlines
25:34 Husbandry
28:33 Imperial Age
26:48 Gold Mining
29:04 Gold Shaft Mining
29:44 Hand Cart
28:54 Capped Ram
29:41 Bodkin Arrow
29:55 Thumb Ring
30:11 Stone Mining
31:20 Siege Ram
32:46 Onager
34:43 Chemistry
34:02 Hussar
35:20 Ballistics
35:33 Parthian Tactics
35:43 Bracer
36:02 Fortified Wall
37:19 Siege Engineers
38:16 Drill
38:18 Conscription
38:24 Murder Holes
40:39 Chain Barding Armor
40:55 Iron Casting
40:53 Elite Mangudai
42:50 Siege Onager
45:22 Blast Furnace
44:35 Masonry
46:42 Caravan
Connection lost

Rejoining the realm…

Still unreachable

The connection could not be restored.

Session expired

The server has moved on; the page needs a fresh start.